 Dungeon Crawl Stone Soup version 0.26.0-16-gc1dbca0489 (webtiles) character file.

Game seed: 9622605313617140790

46 howech the Skirmisher (level 3, -9/29 HPs)
             Began as a Demonspawn Chaos Knight on Jan 20, 2021.
             Was a Plaything of Xom.
             Mangled by a kobold
             ... wielding a +3 dagger of electrocution
              (19 damage)
             ... on level 2 of the Dungeon.
             The game lasted 00:02:51 (894 turns).

howech the Skirmisher (Demonspawn Chaos Knight)      Turns: 894, Time: 00:02:52

Health: -9/29      AC: 12    Str: 12    XL:     3   Next: 46%
Magic:  3/3        EV:  3    Int: 13    God:    Xom [..*...]
Gold:   30         SH:  0    Dex: 13    Spells: 2/2 levels left

rFire    . . .     SeeInvis .   a - +0 falchion (chaos)
rCold    . . .     Faith    .   (no shield)
rNeg     . . .     Spirit   .   c - +0 plate armour
rPois    .         Reflect  .   (no helmet)
rElec    .         Harm     .   (no cloak)
rCorr    .         Rampage  .   (no gloves)
Will     .....                  d - +0 pair of boots
Stlth    ..........             (no amulet)
HPRegen  0.09/turn              (no ring)
MPRegen  0.08/turn              (no ring)

@: no status effects
A: talons 1
a: Renounce Religion


You were on level 2 of the Dungeon.
You worshipped Xom.
You were a toy of Xom.
You visited 1 branch of the dungeon, and saw 2 of its levels.

You collected 30 gold pieces.

Inventory:

Hand Weapons
 a - a +0 falchion of chaos (weapon)
Armour
 b - a +2 leather armour
 c - a +0 plate armour (worn)
 d - a +0 pair of boots (worn)


   Skills:
 + Level 3.3 Fighting
 * Level 3.3 Long Blades
 + Level 2.2 Armour
 + Level 1.5 Dodging


You had 2 spell levels left.
You didn't know any spells.
Your spell library was empty.

Dungeon Overview and Level Annotations

Branches:
Dungeon (2/15)

Altars:

Annotations:
D:2 Robin


Innate Abilities, Weirdness & Mutations

You have sharp toenails.


Message History

The goblin hits you with a +0 club.
You hit the goblin. You burn the goblin.
You kill the goblin!
The kobold throws a stone.
The stone hits you.
You closely miss the hobgoblin.
The hobgoblin hits you with a +0 dagger.
You barely miss the hobgoblin.
The hobgoblin hits you but does no damage.
You hit the hobgoblin. You burn the hobgoblin.
You kill the hobgoblin!
You closely miss the goblin. The goblin hits you but does no damage.
Robin throws the goblin at you!
The kobold throws a stone.
The stone hits you but does no damage. The goblin hits you.
Robin barely misses you. The kobold hits you but does no damage.
Items here: ( ))))))))) ††††††.
You barely miss the kobold. Robin hits you but does no damage.
The kobold hits you but does no damage.
You are electrocuted!!
Ouch! That really hurt!
You die...
Xom giggles madly!

#######
#.....#
#.###.# #.#
#.# #.# #.#
..# #.#
#######.#
#K@g....#
#g#######
....l..w...#
......#....#
......#....#
..... #[...#
..... ##...#
<... ...#
.... ...#


You could see Robin (drained), a dart slug, a goblin (strong) and a kobold.

Vanquished Creatures
  A leopard gecko (D:2)
  2 ball pythons (D:1)
  4 bats (D:1)
  A giant cockroach (D:1)
  11 goblins
  7 hobgoblins
  5 jackals (D:1)
  2 frilled lizards (D:1)
  A kobold (D:1)
  4 rats (D:1)
38 creatures vanquished.

Notes
Turn   | Place    | Note
-------+----------+-------------------------------------------
     0 | D:1      | howech the Demonspawn Chaos Knight began the quest for the
                  | Orb.
     0 | D:1      | Reached XP level 1. HP: 18/18 MP: 1/1
   137 | D:1      | XOM: enchant monster (bad)
   141 | D:1      | Reached skill level 1 in Dodging
   147 | D:1      | Gained mutation: You have sharp toenails. [demonic
                  | ancestry]
   147 | D:1      | Reached XP level 2. HP: 24/24 MP: 2/2
   160 | D:1      | XOM: enchant monster (bad)
   493 | D:1      | XOM: god gift: plate armour {god gift}
   697 | D:1      | Reached XP level 3. HP: 28/29 MP: 3/3
   853 | D:2      | Noticed Robin
   873 | D:2      | XOM: blink monster(s)
   894 | D:2      | Mangled by a kobold

Illustrated notes

Levels and vault maps discovered:
D:1:      minmay_arrival_split_and_join, layout_loops_ring
D:2:      layout_basic, nzn_hepliaklqana_mist_gate, uniq_natasha, uniq_robin

Skill      XL: |  1  2 |
---------------+-------+-----
Dodging        | 1 |  1.5
Armour         | 2 |  2.2
Long Blades    | 3 |  3.3
Fighting       | |  3.3

Action                   || total
-------------------------++-------
Melee: Falchion          ||   105
       Kick              ||     5
  Use: Scroll            ||     1
 Stab: Paralysed         ||     1
Armor: Leather armour    ||    36
       Plate armour      ||    41
Dodge: Dodged            ||    52
       Rpst.: Falchion   ||    13
